AoeStats
← decity

Arena

505651632Analyzed
1v1 RM · 21d ago on Sep 10, 2026· 16m 42s· 2 players
Game mode
Random Map
Map size
Tiny (2 player)
Population
200
Speed
Normal
Resources
Standard
Victory
Conquest
Starting age
Dark Age
Ending age
Imperial Age
RankedLock teamsTeams togetherTeam positionsShared explorationLock speedFull tech treeHidden civsTurbo modeCheats
Victory
Defeat
🇧🇷 Portuguese · Brazil
607
+19
🇮🇹 Khmer · Italy
675
-19
PQP | Enigma@!
2:56 Loom
11:06 Feudal Age
12:44 Wheelbarrow
16:32 Castle Age
14:37 Double-Bit Axe
15:06 Gold Mining
decity
5:20 Loom
9:10 Feudal Age
9:52 Double-Bit Axe
10:34 Horse Collar
13:12 Gold Mining
16:47 Bloodlines
Connection lost

Rejoining the realm…

Still unreachable

The connection could not be restored.

Session expired

The server has moved on; the page needs a fresh start.